 Dungeon Crawl Stone Soup version 0.28.0-47-ge53b351184 (console) character file.

Game seed: 2368978571193357348

111 Faeu the Covered (level 4, -2/41 HPs)
             Began as a Minotaur Fighter on May 2, 2022.
             Killed by divine providence
             ... invoked by an orc priest
              (13 damage)
             ... on level 3 of the Dungeon.
             The game lasted 00:04:08 (1975 turns).

Faeu the Covered (Minotaur Fighter)                 Turns: 1975, Time: 00:04:09

Health: -2/41      AC:  7    Str: 22    XL:     4   Next: 62%
Magic:  3/3        EV:  9    Int:  5    God:
Gold:   44         SH:  4    Dex: 10    Spells: 3/3 levels left

rFire   . . .      SeeInvis .   a - +0 war axe {axe}
rCold   . . .      Faith    .   c - +0 buckler
rNeg    . . .      Spirit   .   b - +0 scale mail
rPois   .          Reflect  .   (helmet restricted)
rElec   .          Harm     .   (no cloak)
rCorr   .          Rampage  .   (no gloves)
Will    .....                   (no boots)
Stlth   ..........              (no amulet)
HPRegen 0.13/turn               (no ring)
MPRegen 0.08/turn               (no ring)

@: no status effects
A: horns 2, retaliatory headbutt
a: no special abilities


You were on level 3 of the Dungeon.
You visited 1 branch of the dungeon, and saw 3 of its levels.

You collected 44 gold pieces.


Innate Abilities, Weirdness & Mutations

You have a pair of horns on your head.
You reflexively headbutt those who attack you in melee.


   Skills:
 + Level 4.5 Fighting
 + Level 3.5 Axes
 + Level 4.6 Armour
 + Level 4.5 Shields


You had 3 spell levels left.
You didn't know any spells.
Your spell library was empty.

Inventory:

Hand Weapons
 a - a +0 war axe (weapon) {axe}
 m - a +0 vampiric dagger {short}
   (You took it off a kobold on level 2 of the Dungeon)
Missiles
 p - 12 poisoned darts (quivered) {throwing}
Armour
 b - a +0 scale mail (worn)
 c - a +0 buckler (worn)
Jewellery
 g - an amulet of magic regeneration {@e2}
   (You found it on level 1 of the Dungeon)
 o - a ring of positive energy
   (You found it on level 2 of the Dungeon)
Scrolls
 e - a scroll of blinking {unknown}
 f - a scroll of silence {unknown}
 h - a scroll of magic mapping {unknown}
 i - 2 scrolls of fear {unknown}
 k - 2 scrolls of teleportation {unknown}
 n - a scroll of identify {unknown}
 q - a scroll of enchant armour {unknown}
Potions
 d - a potion of might
 j - a potion of curing {unknown}
 l - a potion of heal wounds {unknown}

Dungeon Overview and Level Annotations

Branches:
Dungeon (3/15)

Altars:

#............ #.#..........
#.......o.#..
#......##............
#......##............
#......##..........# .
#......####..)# .
.........oo..# ##.
..........$.+ ...
#...o.....###+##.. #.......+
+@oo.o......#(##.. #.......#
#....o......#.##.. ###...>...#
#...........#.##.. #.........#
#................. #.........#
#................#
#.........###.......#........#
#...........#.......#........#
............#.♣.♣.♣.#........#
♣♣♣♣♣♣♣♣....###.....###......#
♣.♣...♣....#.♣.♣.♣ ##..##.#
♣...P............######..##.#


You could see 2 orc priests and 5 orcs.


Message History

You hit the adder but do no damage. Your headbutt misses the adder.
The adder barely misses you. You furiously retaliate!
You headbutt the adder. The adder bites you but does no damage.
You hit the adder. You barely miss the kobold.
The kobold hits you but does no damage. The adder barely misses you.
You miss the adder. You closely miss the kobold. The adder bites you.
You block the kobold's attack. The adder barely misses you.
The kobold barely misses you. 😕 HP[-3]
You take 3 damage, and now have 37/40 hp.
You slash the adder!
You kill the adder!
You hit the kobold.
You kill the kobold! 😕 HP[+1]
You now have 41 max hp (+1).
You see here an adder corpse. 😕 HP[+1] HP restored.
p - 12 poisoned darts {throwing} (gained 6)
You see here a +0 whip {mace}. 😎 HP[+2]
A hobgoblin comes into view.
The hobgoblin shouts!
You slash the hobgoblin!
You kill the hobgoblin!
You hit the plant.
The plant begins to die.
You see here a hobgoblin corpse.
A nearby plant withers and dies.
You open the door.
There is an open door here.
A rat comes into view.
A rat is nearby!
The rat bites you but does no damage.
You hit the rat.
You kill the rat!
An endoplasm comes into view.
The endoplasm quivers.
You block the endoplasm's attack.
You hit the endoplasm but do no damage. You headbutt the endoplasm.
You kill the endoplasm!
An orc priest comes into view.
It is wielding a +0 short sword of venom.
The orc priest shouts!
You hear a shout! x4
An orc comes into view. It is wielding a +0 hand axe.
The orc priest moves out of view.
An orc comes into view. It is wielding a +0 trident.
The orc shouts!
You hear a shout!
The orc moves out of view.
An orc comes into view. It is wielding a +0 short sword.
You see here 11 gold pieces.
An orc priest comes into view. It is wielding a +0 falchion.
The orc priest shouts!
The orc priest hits you but does no damage.
You are poisoned.
An orc comes into view. It is wielding a +0 hand axe.
The orc priest looks satisfied for a moment.
An orc priest comes into view. It is wielding a +0 club.
An orc comes into view. It is wielding a +0 mace.
The orc priest shouts!
You slash the orc priest!
You kill the orc priest!
You feel very sick.
The orc priest miscasts a cantrip.
The orc barely misses you. 😕 HP[-3]
You take 3 damage, and now have 38/41 hp.
You feel sick. The orc closely misses you.
You see here a +0 short sword of venom {short}. 😕 HP[-2]
You take 2 damage, and now have 36/41 hp.
You feel sick. The orc hits you with a +0 hand axe.
The orc hits you from afar with a +0 trident. 😮 HP[-9]
You take 9 damage, and now have 27/41 hp.
MASSIVE DAMAGE!! (PAUSE)
You feel sick. 😮 HP[-1]
You take 1 damage, and now have 26/41 hp.
You feel sick. 😮 HP[-1]
You take 1 damage, and now have 25/41 hp.
You feel sick. 😮 HP[-1]
You take 1 damage, and now have 24/41 hp.
You feel sick. 😮 HP[-1]
You take 1 damage, and now have 23/41 hp.
You feel sick.
You are no longer poisoned.
The orc priest casts a cantrip, but nothing happens.
The orc priest invokes the aid of Beogh against you.
Beogh smites you!
* * * LOW HITPOINT WARNING * * *
😨 HP[-12]
You take 12 damage, and now have 11/41 hp.
MASSIVE DAMAGE!! (PAUSE)
The orc priest begins to cast a cantrip, but forgets the words!
The orc priest mumbles some strange prayers to Beogh against you.
Beogh smites you!
You die...

Skill      XL: |  1  2  3 |
---------------+----------+-----
Armour         | 4 |  4.6
Shields        | 4 |  4.5
Fighting       | 4 |  4.5
Axes           | 3 |  3.5

Action                   |  1- 3 |  4- 6 || total
-------------------------+-------+-------++-------
Melee: War axe           |    61 |     8 ||    69
       Headbutt          |     6 |     1 ||     7
Armor: Scale mail        |    60 |     5 ||    65
Dodge: Dodged            |    65 |     7 ||    72
Block: Buckler           |    21 |     2 ||    23

Levels and vault maps discovered:
D:1:      psy_arrival_dodecagon, layout_loops_cross
D:2:      layout_loops_corners, nicolae_ecumenical_snake_handling,
          minmay_split_cup_small
D:3:      layout_basic, mainiacjoe_overflow_swirl, serial_shops, shop,
          serial_forest, infiniplex_forest_zigzag_1, infiniplex_forest_end_2,
          infiniplex_forest_corner_1, infiniplex_forest_clump_curved,
          infiniplex_forest_side_room, infiniplex_forest_clump_double,
          infiniplex_forest_lined_corner, grunt_ministairs_2

Notes
Turn   | Place    | Note
-------+----------+-------------------------------------------
     0 | D:1      | Faeu the Minotaur Fighter began the quest for the Orb.
     0 | D:1      | Reached XP level 1. HP: 19/19 MP: 0/0
     0 | D:1      | magus.rc [v1.9.6]
    43 | D:1      | Reached XP level 2. HP: 9/27 MP: 1/1
   408 | D:1      | Reached skill level 4 in Armour
   408 | D:1      | Reached skill level 4 in Shields
   464 | D:1      | Reached skill level 4 in Fighting
   888 | D:2      | Reached XP level 3. HP: 33/33 MP: 2/2
   937 | D:2      | Reached skill level 3 in Axes
  1101 | D:2      | Found a faded altar of an unknown god.
  1761 | D:3      | Reached XP level 4. HP: 40/40 MP: 3/3
  1975 | D:3      | Killed from afar by an orc priest

Vanquished Creatures
  An orc priest (D:3)
  A gnoll (D:1)
  2 adders
  3 dart slugs
  7 endoplasms
  3 giant cockroaches (D:1)
  3 goblins
  2 hobgoblins (D:3)
  2 kobolds
  A quokka (D:3)
  9 ball pythons
  7 bats
  4 rats
45 creatures vanquished.

Vanquished Creatures (others)
  A plant (D:3)
1 creature vanquished.

Grand Total: 46 creatures vanquished

Table legend:
 A = Non-vault XP
 B = Vault XP
 C = Vault XP percentage of total XP
 D = Non-vault monster count
 E = Vault monster count
 F = Vault count percentage of total count
                 A         B        C        D         E       F
            +---------+---------+-------+---------+---------+-------
      Total |     147 |      12 |   7.5 |      39 |       6 |  13.3
            +---------+---------+-------+---------+---------+-------
        D:1 |      40 |       0 |   0.0 |      16 |       0 |   0.0
        D:2 |      42 |      12 |  22.2 |      15 |       6 |  28.6
        D:3 |      65 |       0 |   0.0 |       8 |       0 |   0.0
            +---------+---------+-------+---------+---------+-------

Illustrated notes

Table legend:
 A = Kills in this place as a percentage of kills in entire the game.
 B = Kills by you in this place as a percentage of kills by you in the entire game.
 C = Kills by friends in this place as a percentage of kills by friends in the entire game.
 D = Other kills in this place as a percentage of other kills in the entire game.
 E = Experience gained in this place as a percentage of experience gained in the entire game.
 F = Experience gained in this place divided by the number of levels of this place that you have seen.
                   A       B       C       D       E      F
               +-------+-------+-------+-------+-------+----------------------
         Total | 100.0 | 100.0 |   N/A |   N/A | 100.0 |  53.0
       Dungeon | 100.0 | 100.0 |   N/A |   N/A | 100.0 |  53.0
               +-------+-------+-------+-------+-------+----------------------

Table legend: (Time is in decaauts)
 A = Elapsed time spent in this place.
 B = Non-inter-level travel time spent in this place.
 C = Inter-level travel time spent in this place.
 D = Time resting spent in this place.
 E = Time spent auto-exploring this place.
 F = Levels seen in this place.
 G = Mean time per level.
                   A        B        C        D        E       F      G
               +--------+--------+--------+--------+--------+-----+--------+
         Total |   2001 |   1991 |     10 |    171 |   1353 |   3 |  667.0 |
       Dungeon |   2001 |   1991 |     10 |    171 |   1353 |   3 |  667.0 |
               +--------+--------+--------+--------+--------+-----+--------+

Top non-repeatable levels by time:
     D:2: 916 daAuts
     D:1: 830 daAuts
     D:3: 254 daAuts
